Map: Terrasses de Prion

Players

zidar

  • Race: Zerg Zerg
  • League: Silver
  • Spawn Location: 11:00

TheDecideR - Winner!

  • Race: Protoss Protoss
  • League: Silver
  • Spawn Location: 5:00

VOD

Have the link to the VOD?

Description

Time

  • Played on: Dec. 8, 2015, 2:23 p.m.
  • Length: 8:46
Show
View Real Time Build Order
Export as new Build Order

zidar Zerg 

Build Orders: Hatch First 

Get SALT Encoding   

  12  0:02  Drone  
  13  0:11  Drone  
  14  0:16  Extractor  
  14  0:21  Overlord  
  14  0:26  Extractor  
  14  0:27  Drone  
  15  0:39  Drone x2  
  17  0:58  Hatchery  
  17  1:02  Drone  
  17  1:15  Spawning Pool  
  17  1:17  Drone  
  17  1:22  Extractor, Drone  
  17  1:25  Drone  
  17  1:32  Overlord  
  18  1:39  Drone  
  19  1:49  Drone  
  20  2:01  Drone  
  20  2:02  Queen  
  23  2:23  Drone  
  23  2:24  Drone  
  25  2:31  Queen  
  25  2:36  Zergling x2  
  28  2:51  Metabolic Boost  
  28  3:11  Zergling x2  
  28  3:12  Zergling x4  
  31  3:38  Roach Warren  
  30  3:44  Zergling x12  
  36  3:53  Overlord x2  
  36  4:01  Overlord  
  36  4:20  Evolution Chamber  
  35  4:26  Roach  
  35  4:27  Roach x7  
  51  4:31  Overlord x2  
  51  4:32  Overlord  
  51  4:58  Roach x7  
  65  5:12  Extractor  
  64  5:18  Spore Crawler  
  63  5:24  Spore Crawler  
  59  5:48  Ravager  
  60  5:50  Ravager  
  44  6:25  Roach x3  
  30  7:09  Lair  
  28  7:24  Drone x9  
  28  7:25  Drone x4  
  35  8:07  Extractor  
  34  8:14  Extractor  
  33  8:25  Hydralisk Den  
Show
View Real Time Build Order
Export as new Build Order

TheDecideR Protoss - Winner!

Build Orders:  

Get SALT Encoding   

  12  0:01  Probe (Chrono Boost)  
  13  0:13  Pylon  
  14  0:21  Probe (Chrono Boost)  
  14  0:31  Gateway  
  15  0:35  Probe (Chrono Boost)  
  15  0:42  Assimilator  
  15  0:46  Probe (Chrono Boost)  
  16  0:57  Probe (Chrono Boost)  
  17  1:07  Probe (Chrono Boost)  
  18  1:12  Pylon  
  18  1:18  Probe (Chrono Boost)  
  19  1:20  Zealot  
  21  1:29  Cybernetics Core  
  21  1:30  Probe (Chrono Boost)  
  22  1:38  Assimilator  
  23  1:47  Probe (Chrono Boost)  
  23  1:53  Zealot  
  25  2:01  Pylon  
  25  2:07  Mothership Core (Chrono Boost)  
  27  2:25  Probe (Chrono Boost)  
  28  2:37  Stargate  
  28  2:40  Warp Gate  
  28  3:05  Stalker  
  30  3:33  Nexus  
  29  3:37  Pylon  
  29  3:38  Probe (Chrono Boost), Pylon  
  30  3:46  Gateway  
  31  3:48  Probe (Chrono Boost)  
  31  3:49  Gateway, Pylon  
  31  4:09  Fleet Beacon  
  31  4:10  Probe (Chrono Boost)  
  32  4:41  Probe (Chrono Boost)  
  33  4:51  Protoss Air Weapons Level 1  
  39  5:01  Zealot x2  
  39  5:02  Zealot  
  45  5:17  Carrier (Chrono Boost)  
  45  5:54  Zealot x2  
  45  5:56  Zealot  
  39  6:32  Zealot x3  
  45  6:35  Carrier (Chrono Boost)  
  40  7:04  Stalker x3  
  46  7:08  Probe  
  46  7:10  Probe  
  48  7:19  Graviton Catapult (Chrono Boost)  
  50  7:26  Assimilator  
  53  7:53  Zealot x3  
  59  8:12  Probe  
  59  8:13  Probe  
  61  8:21  Pylon  
  61  8:22  Probe  
  61  8:23  Pylon  
  61  8:25  Pylon  
Tags
 
Add a new tag
Caveats
  • Supply blocks, unpowered buildings, or Contaminate may cause inaccurate times.
  • Supply counts are checked every 10 seconds.